AoeStats
← DaTuRa

Arena

509690964Analyzed
4v4 RM · 5d ago on Sep 27, 2026· 57m 29s· 8 players
Game mode
Random Map
Map size
Large (8 player)
Population
200
Speed
Normal
Resources
Standard
Victory
Conquest
Starting age
Dark Age
Ending age
Imperial Age
RankedLock teamsTeams togetherTeam positionsShared explorationLock speedFull tech treeHidden civsTurbo modeCheats
Victory
Defeat
🇲🇽 Mongols · Mexico
1551
+12
🇲🇽 Huns · Mexico
1452
+16
🇦🇷 Bengalis · Argentina
1433
+17
🇧🇷 Teutons · Brazil
1415
+18
🇹🇷 Huns · Türkiye
1508
-18
🇹🇷 Bulgarians · Türkiye
1470
-16
🇨🇳 Malians · China
1466
-16
🇹🇷 Khmer · Türkiye
1383
-13
ArNuL
10:51 Feudal Age
12:05 Double-Bit Axe
14:45 Castle Age
12:44 Horse Collar
15:50 Bow Saw
15:32 Fletching
17:37 Padded Archer Armor
17:43 Bodkin Arrow
20:48 Town Watch
20:49 Loom
22:47 Wheelbarrow
24:37 Hand Cart
24:40 Leather Archer Armor
25:42 Bloodlines
29:09 Ballistics
33:50 Heavy Plow
37:26 Imperial Age
35:11 Marauders
35:22 Husbandry
35:29 Scale Barding Armor
35:35 Forging
36:35 Gold Mining
36:35 Stone Mining
37:44 Elite Tarkan
38:45 Conscription
38:47 Chain Barding Armor
39:04 Iron Casting
40:07 Plate Barding Armor
41:56 Blast Furnace
43:38 Light Cavalry
45:53 Hussar
47:52 Plate Barding Armor
48:19 Blast Furnace
48:58 Coinage
51:14 Banking
[VL] Shile Shilaca 8.80
10:51 Feudal Age
11:33 Horse Collar
14:25 Castle Age
12:32 Double-Bit Axe
15:27 Bow Saw
17:48 Loom
20:52 Wheelbarrow
21:45 Gold Mining
22:23 Stone Mining
28:00 Imperial Age
27:08 Stone Shaft Mining
27:53 Gold Shaft Mining
28:47 Hand Cart
28:25 Fletching
29:44 Conscription
29:41 Bloodlines
29:58 Elite Mangudai
31:00 Padded Archer Armor
31:52 Coinage
32:05 Bodkin Arrow
33:20 Chemistry
32:40 Ballistics
33:02 Bracer
34:14 Banking
34:17 Leather Archer Armor
34:09 Thumb Ring
37:23 Parthian Tactics
37:00 Husbandry
39:27 Capped Ram
41:31 Drill
42:09 Siege Ram
45:37 Light Cavalry
46:28 Forging
46:24 Scale Barding Armor
49:22 Chain Barding Armor
49:41 Iron Casting
49:29 Hussar
52:21 Blast Furnace
53:55 Caravan
Blas de lezo
10:38 Feudal Age
14:20 Castle Age
12:31 Double-Bit Axe
13:36 Horse Collar
15:25 Bow Saw
15:17 Heavy Plow
16:08 Wheelbarrow
23:09 Gold Mining
28:31 Imperial Age
25:58 Loom
26:30 Hand Cart
27:05 Gold Shaft Mining
28:28 Forging
28:24 Scale Barding Armor
28:41 Elite Battle Elephant
30:23 Paiks
30:43 Conscription
31:25 Crop Rotation
31:42 Chain Barding Armor
34:13 Iron Casting
34:32 Bloodlines
35:22 Plate Barding Armor
36:15 Blast Furnace
35:31 Husbandry
38:34 Plate Barding Armor
40:35 Light Cavalry
41:51 Fletching
44:22 Mahayana
51:12 Coinage
53:15 Banking
53:12 Caravan
Hakka1_90
5:46 Loom
8:16 Feudal Age
9:57 Fletching
24:07 Castle Age
22:35 Double-Bit Axe
25:01 Bodkin Arrow
25:54 Padded Archer Armor
28:27 Leather Archer Armor
29:13 Bow Saw
30:35 Wheelbarrow
35:59 Imperial Age
34:20 Forging
35:17 Horse Collar
36:48 Scale Mail Armor
37:50 Squires
37:35 Gambesons
39:11 Chain Mail Armor
39:25 Heavy Plow
40:19 Iron Casting
41:54 Pikeman
43:27 Plate Mail Armor
43:17 Hand Cart
45:04 Blast Furnace
44:45 Conscription
46:28 Ring Archer Armor
46:12 Halberdier
46:37 Gambesons
46:38 Arson
46:39 Onager
48:05 Siege Onager
48:52 Caravan
50:28 Ballistics
51:08 Chemistry
52:47 Two-Man Saw
52:19 Crop Rotation
livulove
9:19 Feudal Age
13:26 Castle Age
11:51 Double-Bit Axe
12:36 Horse Collar
19:46 Loom
25:53 Wheelbarrow
33:35 Imperial Age
32:20 Scale Mail Armor
32:50 Squires
33:10 Forging
33:02 Pikeman
34:25 Halberdier
52:33 Bow Saw
53:11 Heavy Plow
53:36 Chain Mail Armor
54:55 Iron Casting
BLACK EAGLE
10:48 Feudal Age
13:40 Castle Age
11:32 Double-Bit Axe
11:29 Horse Collar
15:59 Bow Saw
16:06 Heavy Plow
22:52 Wheelbarrow
26:22 Hand Cart
25:54 Loom
25:55 Town Watch
26:32 Gold Mining
26:12 Light Cavalry
27:03 Bloodlines
26:53 Husbandry
27:19 Scale Barding Armor
27:24 Forging
27:41 Ballistics
29:02 Gold Shaft Mining
29:06 Chain Barding Armor
29:22 Iron Casting
29:03 Tusk Swords
32:40 Imperial Age
32:56 Elite Battle Elephant
34:39 Blast Furnace
37:12 Plate Barding Armor
38:14 Double Crossbow
39:52 Chemistry
38:59 Siege Engineers
38:55 Heavy Scorpion
40:16 Hussar
49:33 Caravan
[Fx、]AirDk
10:39 Feudal Age
14:11 Castle Age
12:40 Double-Bit Axe
12:37 Horse Collar
21:05 Loom
22:56 Wheelbarrow
22:55 Town Watch
28:51 Imperial Age
27:21 Scale Mail Armor
27:31 Forging
28:07 Hand Cart
28:09 Chain Mail Armor
30:01 Iron Casting
29:39 Bow Saw
29:20 Gold Mining
29:30 Heavy Plow
28:59 Pikeman
29:01 Man-at-Arms
29:42 Squires
29:28 Arson
30:31 Conscription
31:07 Plate Mail Armor
30:28 Capped Ram
30:37 Long Swordsman
31:38 Fletching
31:22 Two-Handed Swordsman
31:37 Pikeman
32:16 Stone Mining
33:01 Gold Shaft Mining
32:58 Crop Rotation
33:01 Champion
34:07 Bodkin Arrow
33:55 Treadmill Crane
34:33 Fervor
35:36 Chemistry
34:48 Masonry
34:33 Murder Holes
35:00 Ballistics
36:38 Padded Archer Armor
36:37 Murder Holes
37:37 Sanctity
37:35 Leather Archer Armor
37:56 Stone Shaft Mining
37:53 Architecture
39:02 Ring Archer Armor
39:01 Caravan
40:40 Coinage
45:21 Scale Barding Armor
47:39 Banking
47:20 Guilds
50:52 Tigui
51:22 Onager
52:41 Chain Barding Armor
52:25 Farimba
53:01 Hoardings
55:51 Plate Barding Armor
DaTuRa
9:53 Feudal Age
13:37 Castle Age
11:25 Double-Bit Axe
18:50 Loom
19:41 Wheelbarrow
18:51 Town Watch
28:58 Bow Saw
28:29 Horse Collar
35:29 Imperial Age
32:28 Elite Skirmisher
33:33 Fletching
33:43 Padded Archer Armor
33:56 Bodkin Arrow
34:21 Hand Cart
34:51 Leather Archer Armor
35:56 Ballistics
36:20 Bracer
37:23 Chemistry
37:15 Conscription
37:14 Squires
36:34 Pikeman
37:00 Gambesons
37:17 Scale Mail Armor
37:59 Chain Mail Armor
38:29 Thumb Ring
40:46 Plate Mail Armor
40:27 Forging
40:46 Halberdier
44:27 Iron Casting
47:30 Scale Barding Armor
48:26 Blast Furnace
47:35 Scale Barding Armor
48:30 Blast Furnace
47:39 Scale Barding Armor
48:04 Husbandry
48:15 Bloodlines
47:25 Light Cavalry
49:11 Hussar
50:22 Arson
51:28 Masonry
52:04 Stirrups
53:20 Chain Barding Armor
55:34 Plate Barding Armor
57:21 Bagains
Connection lost

Rejoining the realm…

Still unreachable

The connection could not be restored.

Session expired

The server has moved on; the page needs a fresh start.